Map: Terraformation EC (Void)

Players

AgCl - Winner!

  • Race: Protoss Protoss
  • League: Gold

Kayz

  • Race: Terran Terran
  • League: Silver

VOD

Have the link to the VOD?

Description

Time

  • Played on: July 18, 2015, 2:03 a.m.
  • Length: 4:57
Show
View Real Time Build Order
Export as new Build Order

AgCl Protoss - Winner!

Build Orders: Oracle Opening 

Get SALT Encoding   

  12  0:14  Pylon  
  12  0:19  Probe  
  13  0:29  Assimilator  
  14  0:40  Gateway  
  14  0:42  Probe (Chrono Boost)  
  14  0:50  Pylon  
  14  0:55  Probe (Chrono Boost)  
  15  1:03  Probe (Chrono Boost)  
  16  1:15  Probe (Chrono Boost)  
  18  1:31  Zealot  
  19  1:33  Probe  
  19  1:38  Cybernetics Core  
  20  1:45  Probe  
  21  1:57  Probe  
  22  2:06  Assimilator  
  22  2:10  Probe  
  22  2:12  Pylon  
  23  2:22  Probe (Chrono Boost)  
  24  2:24  Warp Gate (Chrono Boost)  
  24  2:26  Stargate  
  23  2:34  Probe (Chrono Boost)  
  23  2:35  Adept  
  26  2:42  Probe (Chrono Boost)  
  28  2:52  Mothership Core (Chrono Boost)  
  29  3:15  Nexus  
  29  3:36  Probe  
  29  3:38  Oracle (Chrono Boost)  
  31  3:43  Pylon  
  31  3:45  Gateway  
  31  3:48  Gateway  
  31  3:51  Probe  
  32  4:03  Probe  
  33  4:10  Oracle  
  33  4:15  Probe  
  37  4:30  Probe  
  39  4:53  Assimilator  
  39  4:54  Assimilator  
Show
View Real Time Build Order
Export as new Build Order

Kayz Terran 

Build Orders: Command Center First (CC) 

Get SALT Encoding   

  12  0:00  SCV  
  13  0:13  SCV  
  14  0:18  Supply Depot  
  14  0:25  SCV  
  15  0:39  SCV  
  16  0:52  SCV  
  17  1:07  Command Center, SCV  
  18  1:20  SCV  
  19  1:27  Barracks  
  18  1:33  SCV  
  19  1:42  Supply Depot  
  19  1:47  SCV  
  20  1:59  SCV  
  21  2:11  SCV  
  21  2:12  Refinery x2  
  22  2:21  Marine  
  23  2:30  Orbital Command  
  23  2:31  Orbital Command  
  23  2:47  Marine  
  24  2:52  Orbital Command  
  24  2:58  Barracks  
  24  2:59  Barracks  
  24  3:02  SCV  
  22  3:23  Marine  
  20  3:35  Orbital Command  
  20  3:41  SCV  
  21  3:44  Marine  
  22  3:54  Marine  
  23  4:00  Factory  
  23  4:02  Barracks, Marine  
  24  4:03  Barracks  
  23  4:12  Marine  
  23  4:13  Marine  
  24  4:20  Marine  
  22  4:26  SCV x2  
  22  4:31  Marine x2  
  24  4:38  Marine  
Tags
 
Add a new tag
Caveats
  • Supply blocks, unpowered buildings, or Contaminate may cause inaccurate times.
  • Supply counts are checked every 10 seconds.